 Dungeon Crawl Stone Soup version 0.23-a0-356-g1757c6e039 (webtiles) character file.

341252 Napalmbreeze the Slayer (level 21, -2/221 HPs)
             Began as a Minotaur Berserker on Oct 22, 2018.
             Was the Champion of Trog.
             Killed from afar by a shadow dragon (37 damage)
             ... with a bolt of negative energy
             ... on level 5 of the Vaults.
             The game lasted 01:48:59 (46647 turns).

Napalmbreeze the Slayer (Minotaur Berserker)       Turns: 46647, Time: 01:49:00

Health: -2/221     AC: 28    Str: 25    XL:     21   Next: 8%
Magic:  20/20      EV: 13    Int: 15    God:    Trog [******]
Gold:   2975       SH:  4    Dex: 20    Spells: 20/20 levels left

rFire    . . .     SeeInvis +   S - +12 executioner's axe "Newtslayer" {freeze, rC- Int+8 Dex+6}
rCold    . . .     Gourm    .   (shield currently unavailable)
rNeg     . . .     Faith    .   C - +2 plate armour {rC+}
rPois    .         Spirit   .   W - +2 hat {MR+}
rElec    .         Reflect  +   F - scarf {repulsion}
rCorr    .         Harm     .   J - +2 pair of gloves {archery}
MR       +++..                  P - +0 pair of boots {run}
Stlth    ..........             x - +4 amulet of reflection
HPRegen  0.46/turn              G - ring of see invisible
MPRegen  0.17/turn              M - ring of protection from magic

@: berserk cooldown, slowed, heavily drained, repel missiles, very slow
A: retaliatory headbutt, horns 2
}: 2/15 runes: serpentine, barnacled
a: Berserk, Trog's Hand, Brothers in Arms, Renounce Religion


You were on level 5 of the Vaults.
You worshipped Trog.
Trog was exalted by your worship.
You were not hungry.

You visited 6 branches of the dungeon, and saw 36 of its levels.
You visited 1 bazaar.
You also visited: Ice Cave and Volcano.

You collected 3927 gold pieces.
You spent 952 gold pieces at shops.

Inventory:

Hand Weapons
 E - the +10 war axe of Goqimur {chop, *Corrode rElec rC+}
   (You found it on level 5 of the Lair of Beasts)

   It inflicts extra damage upon your enemies.
   It protects you from cold.
   It insulates you from electricity.
   It may corrode you when you take damage.
 O - the +8 frozen axe "Frostbite" {freezing cloud, *Noise +Fly rC+}
   (You took it off a necromancer in an ice cave)

   It has been specially enchanted to freeze those struck by it, causing extra
   injury to most foes and up to half again as much damage against particularly
   susceptible opponents.
   It can also slow down cold-blooded creatures.
   It protects you from cold.
   It lets you fly.
   It may make noises in combat.
 S - the +12 executioner's axe "Newtslayer" (weapon) {freeze, rC- Int+8 Dex+6}
   (Trog gifted it to you on level 3 of the Lair of Beasts)

   It has been specially enchanted to freeze those struck by it, causing extra
   injury to most foes and up to half again as much damage against particularly
   susceptible opponents.
   It can also slow down cold-blooded creatures.
   It affects your intelligence (+8).
   It affects your dexterity (+6).
   It makes you vulnerable to cold.
Armour
 C - a +2 plate armour of cold resistance (worn)
 F - a scarf of repulsion (worn)
 I - a +1 shield of protection
 J - a +2 pair of gloves of archery (worn)
 P - a +0 pair of boots of running (worn)
 Q - a +1 plate armour of fire resistance
 T - the +1 cloak of the Sailor {rPois}
   (You found it on level 11 of the Dungeon)

   It protects you from poison.
 W - a +2 hat of magic resistance (worn)
Jewellery
 p - the amulet "Piof" {Spirit rN+++ Str-5}
   (You found it on level 2 of the Vaults)

   [amulet of guardian spirit]

   It causes incoming damage to be split between your health and magic.
   It affects your strength (-5).
   It renders you almost immune to negative energy.
 x - a +4 amulet of reflection (around neck)
 G - a ring of see invisible (left hand)
 H - an uncursed ring of poison resistance
 M - a ring of protection from magic (right hand)
 R - an uncursed ring of protection from cold
Wands
 w - a wand of acid (13)
 y - a wand of digging (33)
Scrolls
 a - 5 scrolls of identify
 g - a scroll of summoning
 h - 6 scrolls of immolation
 i - 23 scrolls of remove curse
 n - 2 scrolls of fear
 q - 9 scrolls of teleportation
 r - 7 scrolls of enchant weapon
 s - a scroll of holy word
 v - 9 scrolls of enchant armour
 B - 2 scrolls of blinking
 L - a scroll of brand weapon {unknown}
 V - 10 scrolls of magic mapping
Potions
 b - 2 potions of magic
 d - 3 potions of mutation
 e - 5 potions of invisibility
 f - a potion of brilliance
 j - 4 potions of resistance
 k - 5 potions of haste
 l - 3 potions of cancellation
 m - 2 potions of agility
 o - 3 potions of lignification
 t - 5 potions of might
 u - 8 potions of curing
 A - a potion of ambrosia
 D - 4 potions of flight
Comestibles
 c - 33 rations


   Skills:
 * Level 26.3(23.5) Fighting
 + Level 23.3(20.6) Axes
 + Level 21.1(18.6) Armour
 - Level 10.0(8.0) Dodging
 - Level 5.3(3.5) Shields


You had 20 spell levels left.
You didn't know any spells.
Your spell library was empty.

Dungeon Overview and Level Annotations

Branches:
Dungeon (15/15)            Temple (0/1) D:4            Lair (6/6) D:9
 Shoals (4/4) Lair:3        Snake (4/4) Lair:2        Slime (0/5) Lair:6
    Orc (2/2) D:12            Elf (0/3) Orc:2        Vaults (5/5) D:14
  Crypt (0/3) Vaults:3     Depths (0/5) D:15

Altars:
Fedhas
Gozag
Hepliaklqana
Kikubaaqudgha
Makhleb
Okawaru
Ru
Trog
Uskayaw
Wu Jian
Xom
Yredelemnul
Zin
The Shining One
Jiyva

Shops:
D:12 %[   Orc:2 !(?}?   Shoals:2 (((   Snake:3 *

Portals:
Pandemonium: Orc:2

Annotations:
D:11 2 runed doors


Innate Abilities, Weirdness & Mutations

You reflexively headbutt those who attack you in melee.
You have a pair of horns on your head.


Message History

You feel quite a bit more hungry.
The shadow dragon bites you but does no damage.
The shadow dragon claws you but does no damage. x2
The shadow dragon completely misses you.
You furiously retaliate!
You headbutt the shadow dragon, but do no damage.
The shadow dragon misses you.
The shadow dragon completely misses you.
Your troll bites the shadow dragon but does no damage.
Your troll closely misses the shadow dragon.
Your troll claws the shadow dragon.
Your troll bites the shadow dragon!
Your troll claws the shadow dragon!!
Your troll closely misses the shadow dragon.
The ettin hits your troll with a +0 dire flail!!!
The ettin hits your troll with a +0 dire flail!
Your troll dies!
Your troll's corpse disappears in a puff of smoke!
The shadow dragon breathes negative energy at you.
The bolt of negative energy hits you!
You feel drained.
You die...

#......
#.....
#....
#...
#..#
#..#
#§C#
#.D#
#.@#
#))#
#).#
#..#
#..#
#..#
#..#
#..#
#..#


You could see a shadow dragon and an ettin.

Vanquished Creatures
  The ghost of Ciyzoeq the Slayer, a veteran GrFi of Makhleb (Vaults:2)
  The ghost of Qigyucag the Bludgeoner, an adept MiBe of Trog (Shoals:2)
  2 sphinxes
  A kraken (Shoals:3)
  Gastronok (Lair:3)
  Polyphemus (Shoals:4)
  A storm dragon (Vaults:4)
  Kirke (Lair:6)
  A tengu reaver (Vaults:3)
  7 nagarajas
  Ilsuiw (Shoals:2)
  2 fire giants (Vaults:3)
  2 deep elf sorcerers (Vaults:2)
  An orc warlord (Orc:2)
  A frost giant (Vaults:3)
  7 vault wardens
  12 ironheart preservers
  A ghoul (Vaults:5)
  3 stone giants
  4 very ugly things (Vaults:4)
  2 entropy weavers
  4 merfolk javelineers
  3 ettins
  A crystal guardian (Vaults:4)
  The ghost of motoroller71 the Blocker, a journeyman GnFi of Makhleb (D:12)
  4 fire dragons
  3 merfolk impalers
  8 yaktaur captains
  4 great orbs of eyes
  21 vault guards
  3 ice dragons
  14 naga warriors
  7 hydras
  4 anacondas
  7 centaur warriors
  The ghost of Azzok the Arsonist, a journeyman HuFE of Vehumet (D:11)
  2 merfolk avatars
  3 merfolk aquamancers
  27 two-headed ogres
  18 ogre magi
  A deep troll shaman (Vaults:4)
  2 satyrs (Shoals:2)
  A death knight (Vaults:5)
  Urug (D:11)
  3 tengu warriors (D:15)
  2 death yaks
  11 shock serpents
  5 orc high priests (Orc:2)
  A dancing weapon (Shoals:2)
  A soul eater (Orc:2)
  22 naga sharpshooters
  Nergalle (D:11)
  2 shadow wraiths (Vaults:4)
  3 salamander mystics
  A fire crab (Lair:5)
  10 skeletal warriors
  13 sea snakes
  3 unseen horrors
  6 deep trolls
  2 gelid demonspawn (Orc:2)
  2 torturous demonspawn (Orc:2)
  4 deep elf archers
  A glowing orange brain (Vaults:3)
  7 naga ritualists
  A spectral wolf spider (D:12)
  An obsidian statue (Snake:3)
  3 lindwurms
  2 phantasmal warriors
  3 flayed ghosts
  22 harpies
  2 ironbrand convokers
  17 fauns
  A necromancer (IceCv)
  A swamp dragon (shapeshifter) (Vaults:3)
  16 orc knights
  6 ugly things
  3 wolf spiders
  8 orc sorcerers
  4 mana vipers
  10 deep elf magi
  9 cyclopes
  16 salamanders
  A manticore (shapeshifter) (D:13)
  9 manticores
  A spectral centaur (D:11)
  7 merfolk sirens
  9 vault sentinels
  7 guardian serpents
  A rust devil (Orc:2)
  56 black mambas
  7 elephants
  An elephant (shapeshifter) (Vaults:1)
  2 ice statues (IceCv)
  A gargoyle (D:14)
  6 water nymphs
  An orange demon (Orc:2)
  Psyche (D:9)
  2 molten gargoyles (Volcano)
  A kobold demonologist (D:14)
  An efreet (D:14)
  26 naga magi
  5 rime drakes
  A komodo dragon (shapeshifter) (Vaults:1)
  6 torpor snails
  16 spiny frogs
  13 komodo dragons
  7 yaktaurs
  11 ice devils
  4 freezing wraiths
  2 tengu conjurers
  36 merfolk
  14 trolls
  A polar bear (Lair:6)
  A red devil (Orc:2)
  A jumping spider (Vaults:3)
  11 hornets
  3 tyrant leeches (Lair:6)
  6 wind drakes
  Grinder (D:3)
  17 slime creatures
  10 dream sheep
  7 blink frogs (Lair:4)
  16 hippogriffs
  14 snapping turtles
  A tarantella (shapeshifter) (Vaults:3)
  3 centaur simulacra
  4 redbacks
  3 wraiths
  3 shadows
  A tarantella (Vaults:3)
  A spriggan (shapeshifter) (Vaults:3)
  A human (shapeshifter) (Vaults:1)
  A wyvern (shapeshifter) (Vaults:3)
  72 yaks
  9 wyverns
  7 fire bats (Volcano)
  A yak (shapeshifter) (D:14)
  5 water elementals
  2 hogs (Lair:6)
  2 steam dragons
  6 basilisks
  6 vampire mosquitoes
  A chaos spawn (Orc:2)
  2 hungry ghosts
  A human simulacrum (Vaults:3)
  7 wargs
  50 nagas
  A soldier ant (D:12)
  3 acid dragons
  33 water moccasins
  11 porcupines
  6 sky beasts
  A hell hound (Volcano)
  6 ice beasts
  2 black bears
  A hornet zombie (D:14)
  53 orc warriors
  8 phantoms
  50 ogres
  4 eyes of draining
  8 boggarts (Vaults:3)
  10 centaurs
  11 wolves
  14 crocodiles
  20 bullfrogs
  A spectral wyvern (D:11)
  2 wyvern zombies
  2 water moccasin zombies
  2 scorpions
  A water moccasin skeleton (D:12)
  6 killer bees (D:13)
  7 wights
  3 howler monkeys
  A spectral bullfrog (D:11)
  2 bullfrog zombies
  8 lava snakes (Volcano)
  10 crimson imps
  3 centaur zombies
  A quasit (D:13)
  A wyvern simulacrum (D:14)
  2 draconian simulacra (IceCv)
  33 orc priests
  6 jellies
  Crazy Yiuf (D:2)
  4 centaur skeletons
  7 hounds
  24 orc wizards
  Jessica (D:3)
  Natasha (thrice) (D:3)
  5 hell rats (Lair:4)
  6 worker ants
  4 troll simulacra (IceCv)
  A bullfrog simulacrum (D:11)
  2 hound zombies (D:6)
  A hound skeleton (D:9)
  A worker ant zombie (D:8)
  3 gnolls (D:6)
  15 adders
  An ogre simulacrum (IceCv)
  8 river rats
  3 naga simulacra (IceCv)
  4 shadow imps
  8 oozes
  2 adder zombies
  An adder skeleton (D:7)
  2 worms (D:3)
  2 dart slugs (D:2)
  3 leopard geckos
  120 orcs
  5 giant cockroaches
  7 goblins
  5 hobgoblins
  14 jackals
  14 kobolds
  8 quokkas
  A ball python (D:2)
  9 bats
  2 frilled lizards
  A jackal skeleton (D:5)
  A jackal zombie (D:6)
  2 leopard gecko skeletons
  17 rats
  3 fungi
  21 plants
  3 tentacles (Shoals:3)
1628 creatures vanquished.

Vanquished Creatures (collateral kills)
  A sphinx (Vaults:5)
  Roxanne (D:14)
  2 merfolk javelineers
  A vault guard (Vaults:5)
  A catoblepas (Shoals:4)
  A death knight (D:12)
  An ogre mage (D:15)
  A merfolk aquamancer (Shoals:4)
  2 death yaks (Shoals:4)
  A naga sharpshooter (Snake:4)
  A sea snake (Shoals:4)
  A flayed ghost (D:12)
  A wizard (D:15)
  A naga ritualist (Snake:4)
  A harpy (Shoals:4)
  A wolf spider (Vaults:5)
  A salamander (Snake:4)
  2 manticores (Shoals:4)
  An ugly thing (D:9)
  2 naga magi (Snake:4)
  A snapping turtle (Shoals:3)
  2 hippogriffs
  A meliai zombie (D:12)
  2 vampire mosquitoes
  A naga (Snake:4)
  An ogre (D:15)
  A bullfrog (D:9)
  A crimson imp (D:9)
34 creatures vanquished.

Vanquished Creatures (others)
  A merfolk javelineer (Shoals:2)
  A naga sharpshooter (Snake:4)
  A yaktaur (Vaults:2)
  3 humans (Lair:6)
  A naga (Snake:3)
  An orc wizard (D:5)
  A leopard gecko (D:5)
  An orc (D:5)
  A quokka zombie (D:5)
  10 fungi
  33 plants
  10 tentacles (Shoals:3)
64 creatures vanquished.

Grand Total: 1726 creatures vanquished

Notes
Turn   | Place    | Note
-------+----------+-------------------------------------------
     0 | D:1      | Napalmbreeze the Minotaur Berserker began the quest for the
                  | Orb.
     0 | D:1      | Reached XP level 1. HP: 19/19 MP: 0/0
   452 | D:1      | Reached XP level 2. HP: 27/27 MP: 1/1
  1125 | D:2      | Reached skill level 4 in Fighting
  1125 | D:2      | Reached XP level 3. HP: 33/33 MP: 2/2
  1288 | D:2      | Reached ** piety under Trog
  1537 | D:2      | Found a glowing silver altar of Zin.
  1539 | D:2      | Found a blossoming altar of Fedhas.
  1716 | D:2      | Found a runed door.
  1940 | D:2      | Noticed Crazy Yiuf
  1945 | D:2      | Killed Crazy Yiuf
  1945 | D:2      | Reached XP level 4. HP: 23/40 MP: 3/3
  2269 | D:2      | Reached skill level 5 in Axes
  2369 | D:2      | Found an iron altar of Okawaru.
  2596 | D:3      | Reached XP level 5. HP: 43/47 MP: 4/4
  2630 | D:3      | Noticed Jessica
  2636 | D:3      | Killed Jessica
  2650 | D:3      | Noticed Grinder
  2655 | D:3      | Paralysed by Grinder for 6 turns
  2666 | D:3      | Killed Grinder
  2666 | D:3      | Reached skill level 5 in Fighting
  2666 | D:3      | Reached XP level 6. HP: 56/56 MP: 5/5
  2844 | D:3      | Reached *** piety under Trog
  2863 | D:3      | Found an ornate altar of the Wu Jian Council.
  3294 | D:3      | Noticed Natasha
  3299 | D:3      | Killed Natasha
  3347 | D:3      | Noticed Natasha
  3353 | D:3      | Killed Natasha
  3454 | D:3      | Found a hazy altar of Hepliaklqana.
  3519 | D:3      | Noticed Natasha
  3528 | D:3      | Killed Natasha
  3742 | D:4      | Reached XP level 7. HP: 61/61 MP: 6/6
  3901 | D:4      | Found a staircase to the Ecumenical Temple.
  4174 | D:4      | Reached skill level 5 in Armour
  4698 | D:5      | Entered Level 5 of the Dungeon
  4764 | D:5      | Found a shimmering altar of Xom.
  4814 | D:5      | Reached skill level 6 in Fighting
  4821 | D:5      | Reached skill level 5 in Dodging
  4892 | D:5      | Reached XP level 8. HP: 70/70 MP: 7/7
  5003 | D:5      | Reached **** piety under Trog
  5425 | D:5      | Found a sacrificial altar of Ru.
  5820 | D:6      | Found an opulent altar of Gozag.
  5907 | D:6      | Reached skill level 7 in Fighting
  6724 | D:7      | Reached XP level 9. HP: 74/79 MP: 8/8
  6788 | D:7      | Found a burning altar of Makhleb.
  6893 | D:7      | Reached skill level 10 in Axes
  7735 | D:8      | Reached ***** piety under Trog
  7774 | D:8      | Reached skill level 8 in Fighting
  8380 | D:8      | Reached XP level 10. HP: 83/90 MP: 9/9
  8700 | D:8      | Found a glowing golden altar of the Shining One.
  8816 | D:9      | Noticed Psyche
  8821 | D:9      | Killed Psyche
  8993 | D:9      | Reached skill level 9 in Fighting
  9067 | D:9      | Found a staircase to the Lair.
  9080 | D:9      | Found a hide-covered altar of Uskayaw.
  9087 | D:9      | Found a bloodstained altar of Trog.
  9212 | D:9      | Found a burning altar of Makhleb.
  9281 | D:9      | Noticed a cyclops
  9290 | D:9      | Killed a cyclops
  9465 | D:9      | Noticed a deep elf mage
  9466 | D:9      | Noticed a purple ugly thing
  9512 | D:9      | Killed a deep elf mage
  9525 | D:9      | Killed a purple ugly thing
  9525 | D:9      | Reached XP level 11. HP: 78/99 MP: 10/10
  9538 | D:9      | Got a brightly glowing ring mail
  9545 | D:9      | Got a dazzling long sword
  9562 | D:9      | Identified the +1 ring mail of the Doldrums {Int+4} (You
                  | found it on level 9 of the Dungeon)
  9574 | D:9      | Identified the +7 long sword of Twilight {flame, rPois}
                  | (You found it on level 9 of the Dungeon)
  9884 | D:9      | Found a basalt altar of Yredelemnul.
  9936 | D:9      | Reached skill level 10 in Fighting
 10238 | D:10     | Entered Level 10 of the Dungeon
 10913 | Lair:1   | Entered Level 1 of the Lair of Beasts
 10921 | Lair:1   | Received a gift from Trog
 11052 | Lair:1   | Reached skill level 1 in Shields
 11064 | Lair:1   | Reached skill level 10 in Armour
 11111 | Lair:1   | Noticed a seven-headed hydra
 11125 | Lair:1   | Killed an eight-headed hydra
 11932 | Lair:2   | Found a frozen archway.
 11954 | IceCv    | Entered an ice cave
 12104 | IceCv    | Reached XP level 12. HP: 108/108 MP: 11/11
 12314 | IceCv    | Reached skill level 11 in Fighting
 12448 | IceCv    | Identified a +0 pair of boots of running (You found it in
                  | an ice cave)
 12626 | Lair:2   | Noticed a seven-headed hydra
 12628 | Lair:2   | Noticed a four-headed hydra
 12637 | Lair:2   | Killed a nine-headed hydra
 12637 | Lair:2   | Reached skill level 10 in Dodging
 12657 | Lair:2   | Killed a six-headed hydra
 12657 | Lair:2   | Reached skill level 15 in Axes
 12680 | Lair:2   | Found a staircase to the Snake Pit.
 12781 | Lair:2   | Noticed a five-headed hydra
 12788 | Lair:2   | Killed an eight-headed hydra
 12788 | Lair:2   | Received a gift from Trog
 12854 | Lair:2   | Noticed a six-headed hydra
 12862 | Lair:2   | Killed an eight-headed hydra
 13084 | Lair:2   | Reached ****** piety under Trog
 13420 | Lair:2   | Reached skill level 12 in Fighting
 13628 | Lair:3   | Found a staircase to the Shoals.
 13655 | Lair:3   | Found a dark tunnel.
 13661 | Volcano  | Entered a volcano
 14035 | Volcano  | Found a burning altar of Makhleb.
 14140 | Volcano  | Noticed a fire dragon
 14144 | Volcano  | Killed a fire dragon
 14144 | Volcano  | Reached XP level 13. HP: 81/118 MP: 12/12
 14733 | Lair:3   | Received a gift from Trog
 14747 | Lair:3   | Got a crystal executioner's axe {god gift}
 14750 | Lair:3   | Identified the +12 executioner's axe "Newtslayer" {freeze,
                  | rC- Int+8 Dex+6} (Trog gifted it to you on level 3 of the
                  | Lair of Beasts)
 14827 | Lair:3   | Reached skill level 13 in Fighting
 15013 | Lair:3   | Noticed Gastronok
 15023 | Lair:3   | Killed Gastronok
 16094 | Lair:5   | Reached skill level 14 in Fighting
 16223 | Lair:5   | Received a gift from Trog
 16410 | Lair:5   | Got a brightly glowing war axe
 16411 | Lair:5   | Identified the +10 war axe of Goqimur {chop, *Corrode rElec
                  | rC+} (You found it on level 5 of the Lair of Beasts)
 17047 | Lair:6   | Entered Level 6 of the Lair of Beasts
 17058 | Lair:6   | Reached XP level 14. HP: 114/133 MP: 13/13
 17060 | Lair:6   | Reached skill level 5 in Shields
 17241 | Lair:6   | Noticed Kirke
 17250 | Lair:6   | Killed Kirke
 17250 | Lair:6   | Reached skill level 15 in Fighting
 17337 | Lair:6   | Received a gift from Trog
 17401 | Lair:6   | Found a runed door.
 17745 | Lair:6   | Found a runed door.
 17745 | Lair:6   | Found a viscous altar of Jiyva.
 17747 | Lair:6   | Found a staircase to the Slime Pits.
 18061 | Lair:6   | Reached skill level 16 in Fighting
 18160 | Lair:6   | Received a gift from Trog
 18908 | D:11     | Noticed Urug
 18916 | D:11     | Killed Urug
 19193 | D:11     | Found a large runed door.
 19194 | D:11     | Found a large runed door.
 19214 | D:11     | Found a large runed door.
 19214 | D:11     | Found a large runed door.
 19239 | D:11     | Got a heavily runed cloak
 19250 | D:11     | Identified the +1 cloak of the Sailor {rPois} (You found it
                  | on level 11 of the Dungeon)
 19420 | D:11     | Found a runed gate.
 19420 | D:11     | Found a runed gate.
 19420 | D:11     | Found a runed gate.
 19420 | D:11     | Noticed Azzok's ghost (journeyman HuFE)
 19439 | D:11     | Killed Azzok's ghost
 19458 | D:11     | Reached XP level 15. HP: 142/145 MP: 14/14
 19564 | D:11     | Noticed Nergalle
 19570 | D:11     | Killed Nergalle
 19872 | D:12     | Received a gift from Trog
 19887 | D:12     | Found Feklil's Food Shoppe.
 20200 | D:12     | Found Ryikaah's Armour Shop.
 20203 | D:12     | Found a staircase to the Orcish Mines.
 20205 | D:12     | Reached skill level 17 in Fighting
 20294 | D:12     | Found a transporter.
 20311 | D:12     | Found a transporter.
 20321 | D:12     | Noticed motoroller71's ghost (journeyman GnFi)
 20634 | D:12     | Reached skill level 15 in Armour
 20642 | D:12     | Killed motoroller71's ghost
 20941 | D:13     | Received a gift from Trog
 21556 | D:14     | Found an ornate altar of the Wu Jian Council.
 21577 | D:14     | Found a gate to the Vaults.
 21581 | D:14     | Reached skill level 18 in Fighting
 21584 | D:14     | Received a gift from Trog
 22007 | D:14     | Identified Roxanne's Tome of the Rocks
 22007 | D:14     | Noticed Roxanne
 22016 | D:14     | Killed Roxanne
 22514 | D:15     | Entered Level 15 of the Dungeon
 22644 | D:15     | Reached XP level 16. HP: 60/159 MP: 15/15
 22669 | D:15     | HP: 4/159 [centaur warrior/arrow (15)]
 23168 | D:15     | Reached skill level 19 in Fighting
 23459 | D:15     | Found a staircase to the Depths.
 24148 | Orc:1    | Entered Level 1 of the Orcish Mines
 24161 | Orc:1    | Received a gift from Trog
 24412 | Orc:2    | Entered Level 2 of the Orcish Mines
 24412 | Orc:2    | Found Tanaih's Distillery.
 24806 | Orc:2    | Found Tiecris's Magic Scroll Emporium.
 24808 | Orc:2    | Found Wowuysh's Magic Scroll Shoppe.
 24817 | Orc:2    | Received a gift from Trog
 25307 | Orc:2    | Found a staircase to the Elven Halls.
 26101 | Orc:2    | Found Kaf Cuym's Gadget Shop.
 26101 | Orc:2    | Found Kawnilel's Antique Weapon Boutique.
 26102 | Orc:2    | Found a one-way gate leading to the halls of Pandemonium.
 26110 | Orc:2    | Reached skill level 20 in Fighting
 26496 | Orc:2    | Bought a scroll of enchant armour for 112 gold pieces
 26496 | Orc:2    | Bought a scroll of enchant weapon for 112 gold pieces
 26496 | Orc:2    | Bought a scroll of identify for 30 gold pieces
 26496 | Orc:2    | Bought a scroll of identify for 30 gold pieces
 26496 | Orc:2    | Bought a scroll of identify for 30 gold pieces
 26496 | Orc:2    | Bought a scroll of identify for 30 gold pieces
 26496 | Orc:2    | Bought a scroll of enchant weapon for 112 gold pieces
 26728 | Snake:1  | Entered Level 1 of the Snake Pit
 26893 | Snake:1  | Received a gift from Trog
 27801 | Snake:1  | You fall through a shaft!
 27837 | Snake:2  | Reached XP level 17. HP: 163/171 MP: 16/16
 28526 | Snake:2  | Received a gift from Trog
 28899 | Snake:2  | Reached skill level 21 in Fighting
 30863 | Snake:3  | Received a gift from Trog
 31194 | Snake:3  | Found a gateway to a bazaar.
 31201 | Bazaar   | Entered a bazaar
 31201 | Bazaar   | Found Zexzyx's Food Shoppe.
 31201 | Bazaar   | Found Paps's Assorted Antiques.
 31205 | Bazaar   | Found Datwaph's Distillery.
 31219 | Bazaar   | Found Ricocs Ciqu's General Store.
 31227 | Bazaar   | Bought a scroll of fear for 31 gold pieces
 31227 | Bazaar   | Bought a potion of haste for 90 gold pieces
 31470 | Snake:3  | Found Doir's General Store.
 31476 | Snake:3  | Bought a scroll of teleportation for 57 gold pieces
 31476 | Snake:3  | Bought a scroll of enchant armour for 142 gold pieces
 31628 | Snake:4  | Entered Level 4 of the Snake Pit
 32801 | Snake:4  | Reached skill level 22 in Fighting
 32904 | Snake:4  | Received a gift from Trog
 32910 | Snake:4  | Reached XP level 18. HP: 184/184 MP: 17/17
 33685 | Snake:4  | Got a serpentine rune of Zot
 34129 | Orc:2    | Bought a scroll of magic mapping for 56 gold pieces
 34129 | Orc:2    | Bought a scroll of blinking for 120 gold pieces
 34296 | Shoals:1 | Entered Level 1 of the Shoals
 34560 | Shoals:1 | Received a gift from Trog
 35559 | Shoals:2 | Found Ufuhocw's Weapon Boutique.
 35808 | Shoals:2 | Found Winnuo's Antique Weapon Emporium.
 35864 | Shoals:2 | Reached skill level 23 in Fighting
 35867 | Shoals:2 | Noticed Ilsuiw
 36456 | Shoals:2 | Killed Ilsuiw
 37125 | Shoals:2 | Found Saugh's Weapon Shoppe.
 37131 | Shoals:2 | Received a gift from Trog
 37270 | Shoals:2 | Found a runed door.
 37271 | Shoals:2 | Found a shimmering altar of Xom.
 37271 | Shoals:2 | Noticed Qigyucag's ghost (adept MiBe)
 37465 | Shoals:2 | Killed Qigyucag's ghost
 37478 | Shoals:2 | Got a dazzling scythe {chaos}
 37481 | Shoals:2 | Identified the +5 scythe "Rifoumun" {chaos, +Blink rElec
                  | rF++ MP-9 SInv} (You subdued it on level 2 of the Shoals)
 38580 | Shoals:3 | Reached XP level 19. HP: 158/195 MP: 16/18
 38865 | Shoals:4 | Entered Level 4 of the Shoals
 38869 | Shoals:4 | Noticed Polyphemus
 38881 | Shoals:4 | Killed Polyphemus
 39174 | Shoals:4 | Got a barnacled rune of Zot
 40331 | Vaults:1 | Entered Level 1 of the Vaults
 40354 | Vaults:1 | Reached skill level 24 in Fighting
 40690 | Vaults:1 | Received a gift from Trog
 41961 | Vaults:2 | Received a gift from Trog
 42303 | Vaults:2 | Found a runed door.
 42306 | Vaults:2 | Noticed Ciyzoeq's ghost (veteran GrFi)
 42325 | Vaults:2 | Killed Ciyzoeq's ghost
 42332 | Vaults:2 | Got a faintly glowing golden amulet
 42362 | Vaults:2 | Identified the amulet "Piof" {Spirit rN+++ Str-5} (You
                  | found it on level 2 of the Vaults)
 42958 | Vaults:3 | Reached XP level 20. HP: 200/209 MP: 19/19
 43028 | Vaults:3 | Reached skill level 25 in Fighting
 43870 | Vaults:3 | Received a gift from Trog
 44922 | Vaults:3 | Found a staircase to the Crypt.
 44922 | Vaults:3 | Found an ancient bone altar of Kikubaaqudgha.
 44923 | Vaults:3 | Found a basalt altar of Yredelemnul.
 45255 | Vaults:4 | Received a gift from Trog
 45910 | Vaults:4 | Reached skill level 26 in Fighting
 46576 | Vaults:5 | Entered Level 5 of the Vaults
 46592 | Vaults:5 | Noticed a golden dragon
 46593 | Vaults:5 | Received a gift from Trog
 46597 | Vaults:5 | Reached XP level 21. HP: 169/221 MP: 20/20
 46647 | Vaults:5 | Killed from afar by a shadow dragon

Vault maps used:
D:1:      lightli_arrival_farm
D:2:      lemuel_upstairs_altar, okawaru_trees_2,
          nicolae_overflow_hidden_temple, first_ration, uniq_crazy_yiuf_cottage
D:3:      old_standard_altar, minmay_misc_feat_rows, kennysheep_flooded_box,
          uniq_grinder, uniq_natasha, uniq_jessica
D:4:      temple_pool_b
D:5:      kennysheep_little_box, xom_confusion_cloud
D:6:      grunt_gozag_breadcrumbs
D:7:      basic_altar, minmay_small_thing
D:8:      kennysheep_six_static_rooms, lemuel_doored_altar
D:9:      minmay_the_grid_triangle_9x9_rhombus_full,
          gammafunk_temple_overflow_statue, basic_altar, uniq_psyche
D:11:     gammafunk_ghost_necromancy, hangedman_fish_farm,
          minmay_hollow_rounded_squares, uniq_nergalle, uniq_urug
D:12:     orc_david_3, gammafunk_ghost_mausoleum, serial_shops, kennysheep_mini,
          st_stairs_1
D:14:     lightli_vaults_fourway_checkpoint, basic_altar,
          minmay_misc_feat_columns, stair_cage_cross, uniq_roxanne
D:15:     hangedman_depths_entry_civil_slaughter, minmay_misc_feat_iff
Lair:1:   nicolae_quartered_pool_little
Lair:2:   minmay_snake_entry_guardpost_small, portal_ice_cave_rime
Lair:3:   shoals_dummy_entry, enter_volcano_2, lemuel_fruit_tree, uniq_gastronok
Lair:4:   kennysheep_abandoned_house, infiniplex_staircase_pool
Lair:5:   hangedman_lair_generics_rect
Lair:6:   wormcave, hangedman_lair_tendril_chambers, slime_altar_2,
          nicolae_lair_grove_arrangements, st_stairs_13, uniq_kirke
Shoals:1: nicolae_shoals_flooded_hall
Shoals:2: serial_shops, shop, shop, shop, ebering_ghost_xom, uniq_ilsuiw
Shoals:4: shoals_end_simple, uniq_polyphemus
Snake:1:  guppyfry_snake_island
Snake:2:  cheibrodos_snake_lava_hold
Snake:3:  serial_shops, statue_bzr, shop, st_stairs_10, serial_bayou_shore_b
Snake:4:  snake_pit, st_stairs_12, hangedman_venom_bottle,
          basic_stair_grate_trap
Orc:2:    pf_orc_diabolical, serial_shops, shop
Vaults:1: v_rooms_4, nicolae_vaults_triangles, vaults_room_hallway,
          nicolae_vaults_theta, v_misc_30, vaults_room_grunt_arrival_checkpoint,
          serial_ice_m, ontoclasm_vaults_hangar, st_hourglassy,
          ontoclasm_vaults_eye, ontoclasm_vaults_ring_small
Vaults:2: ebering_vaults_ghost_reflecting_pool, v_misc_33, v_pattern_1,
          nicolae_vaults_little_ls, grunt_vaults_funnel, vaults_room_semicircle,
          nicolae_vaults_rhombus_5, nicolae_vaults_diagonal_hallway_6,
          grunt_vaults_hallway_short
Vaults:3: v_misc_8, grunt_vaults_swirl, vaults_dpeg_diagonal,
          hangedman_vaults_river_flow, v_rooms_1, vaults_mumra_hexcomb,
          v_misc_31, nicolae_vaults_border_crossing,
          minmay_crypt_entry_necro_gods, vaults_room_pools,
          ontoclasm_vaults_shout, ontoclasm_vaults_idyll,
          nicolae_vaults_bisected_slash
Vaults:4: nicolae_vaults_diagonal_hallway_9, hangedman_vaults_snaps, v_misc_14,
          hangedman_vaults_variations, v_misc_25, v_misc_33, vaults_room_fours,
          hangedman_vaults_cutoff, vaults_dpeg_doors,
          nicolae_vaults_big_angled_halls, nicolae_vaults_specimen_jars,
          vaults_room_door_ring, nicolae_vaults_little_squares_6
Vaults:5: uniq_boris, uniq_sojobo, uniq_xtahua, uniq_frederick
Bazaar:   bazaar_minmay_row
IceCv:    ice_cave_tombish
Volcano:  volcano_lake

Skill      XL: |  1  2  3  4  5  6  7  8  9 10 11 12 13 14 15 16 17 18 19 20 |
---------------+-------------------------------------------------------------+-----
Axes           | 4 5 6 7 9 11 13 14 16 17 18 19 20 21 22 23 | 23.3
Fighting       | 4 5 6 7 8 9 10 12 14 16 18 20 22 23 24 26 | 26.3
Armour         | 3 4 5 6 8 9 10 12 13 14 15 17 18 19 20 21 | 21.1
Dodging        | 3 4 5 6 7 8 9 10 | 10.0
Shields        | 4 5 |  5.3

Action                   |  1- 3 |  4- 6 |  7- 9 | 10-12 | 13-15 | 16-18 | 19-21 || total
-------------------------+-------+-------+-------+-------+-------+-------+-------++-------
Melee: Hand axe          |    75 |    95 |       |   122 |       |       |       ||   292
       Headbutt          |     6 |    17 |    64 |   100 |   155 |   195 |   164 ||   701
       Quarterstaff      |       |     4 |       |       |       |       |       ||     4
       War axe           |       |    18 |   379 |    39 |     3 |       |       ||   439
       Battleaxe         |       |       |       |   143 |       |       |       ||   143
       Broad axe         |       |       |       |    80 |       |       |       ||    80
       Executioner's axe |       |       |       |    91 |   763 |  1013 |   726 ||  2593
Invok: Berserk           |     1 |     3 |     3 |     7 |     9 |    19 |     8 ||    50
       Trog's Hand       |       |       |     2 |     1 |     7 |     8 |     6 ||    24
       Brothers in Arms  |       |       |       |     2 |     3 |     5 |     5 ||    15
 Abil: Evoke Flight      |       |       |       |       |       |     7 |     2 ||     9
  Use: Scroll            |       |       |     2 |    12 |     7 |    16 |     3 ||    40
       Potion            |       |       |       |       |     1 |    14 |     2 ||    17
 Stab: Invisible         |       |       |       |     3 |       |       |       ||     3
       Distracted        |       |       |       |       |       |     1 |     1 ||     2
  Eat: Chunk             |     3 |     9 |    19 |    18 |    32 |    20 |    21 ||   122
       Ration            |       |       |       |     3 |     2 |    16 |     5 ||    26
Armor: Leather armour    |    12 |    10 |       |       |       |       |       ||    22
       Animal skin       |     1 |       |       |       |       |       |       ||     1
       Chain mail        |       |    40 |   146 |       |       |       |       ||   186
       Plate armour      |       |       |    43 |   233 |   466 |   788 |   424 ||  1954
Dodge: Dodged            |    57 |    69 |   157 |   171 |   414 |   637 |   356 ||  1861
       Deflected         |       |       |       |       |       |       |    14 ||    14
Block: Other             |       |       |     6 |    53 |   141 |   228 |    80 ||   508
       Shield            |       |       |       |    80 |     2 |       |       ||    82
       Reflection        |       |       |       |     2 |     9 |    46 |     7 ||    64

Table legend:
 A = Non-vault XP
 B = Vault XP
 C = Vault XP percentage of total XP
 D = Non-vault monster count
 E = Vault monster count
 F = Vault count percentage of total count
                 A         B        C        D         E       F
            +---------+---------+-------+---------+---------+-------
      Total |  345107 |  250525 |  42.1 |    1097 |     542 |  33.1
            +---------+---------+-------+---------+---------+-------
        D:1 |      29 |       0 |   0.0 |      18 |       0 |   0.0
        D:2 |      88 |      42 |  32.3 |      29 |       1 |   3.3
        D:3 |     198 |     344 |  63.5 |      44 |       3 |   6.4
        D:4 |     535 |       0 |   0.0 |      12 |       0 |   0.0
        D:5 |     565 |      10 |   1.7 |      14 |       2 |  12.5
        D:6 |     930 |       0 |   0.0 |      25 |       0 |   0.0
        D:7 |     922 |     176 |  16.0 |      25 |       2 |   7.4
        D:8 |    2037 |     303 |  12.9 |      36 |       4 |  10.0
        D:9 |    4308 |    2759 |  39.0 |      36 |      17 |  32.1
       D:10 |     317 |       0 |   0.0 |       9 |       0 |   0.0
       D:11 |    2541 |    7315 |  74.2 |      12 |      22 |  64.7
       D:12 |    8240 |    5513 |  40.1 |      39 |      18 |  31.6
       D:13 |   10561 |       0 |   0.0 |      53 |       0 |   0.0
       D:14 |    6673 |    7272 |  52.1 |      29 |      13 |  31.0
       D:15 |   20962 |    5264 |  20.1 |      49 |       6 |  10.9
     Lair:1 |    5407 |       0 |   0.0 |      24 |       0 |   0.0
     Lair:2 |    8869 |    1416 |  13.8 |      28 |       6 |  17.6
     Lair:3 |    8255 |    2276 |  21.6 |      32 |       1 |   3.0
     Lair:4 |    5923 |    1128 |  16.0 |      26 |      17 |  39.5
     Lair:5 |    4326 |    3276 |  43.1 |      19 |       7 |  26.9
     Lair:6 |    9655 |   20693 |  68.2 |      39 |      65 |  62.5
   Shoals:1 |   12958 |    6403 |  33.1 |      32 |      14 |  30.4
   Shoals:2 |   21684 |    8439 |  28.0 |      44 |       7 |  13.7
   Shoals:3 |   13443 |       0 |   0.0 |      25 |       0 |   0.0
   Shoals:4 |    5079 |   21112 |  80.6 |      11 |      40 |  78.4
    Snake:1 |   18401 |    1245 |   6.3 |      34 |       4 |  10.5
    Snake:2 |   22927 |    7053 |  23.5 |      38 |      12 |  24.0
    Snake:3 |   22889 |    1241 |   5.1 |      49 |       3 |   5.8
    Snake:4 |    9656 |   38344 |  79.9 |      19 |      66 |  77.6
      Orc:1 |    2662 |       0 |   0.0 |      42 |       0 |   0.0
      Orc:2 |    5393 |   18257 |  77.2 |      34 |      63 |  64.9
   Vaults:1 |   16845 |   18151 |  51.9 |      37 |      32 |  46.4
   Vaults:2 |   21370 |    6937 |  24.5 |      29 |       5 |  14.7
   Vaults:3 |   26919 |   31153 |  53.6 |      44 |      39 |  47.0
   Vaults:4 |   37883 |   15750 |  29.4 |      54 |      20 |  27.0
   Vaults:5 |    5657 |    9191 |  61.9 |       7 |      10 |  58.8
      IceCv |       0 |    4868 | 100.0 |       0 |      22 | 100.0
    Volcano |       0 |    4594 | 100.0 |       0 |      21 | 100.0
            +---------+---------+-------+---------+---------+-------
